 Dungeon Crawl Stone Soup version 0.20.0-10-g0535bb4 (webtiles) character file.

4216 danebombitumenja the Severer (level 10, -3/77 (78) HPs)
             Began as a Hill Orc Fighter on June 7, 2017.
             Was a High Priest of Okawaru.
             Slain by an orc warrior
             ... wielding a +0 glaive
              (26 damage)
             ... on level 8 of the Dungeon.
             The game lasted 00:18:03 (8389 turns).

danebombitumenja the Severer (Hill Orc Fighter)     Turns: 8389, Time: 00:18:04

HP:   -3/77 (78)    AC: 14    Str: 23    XL:     10   Next: 30%
MP:   17/17         EV:  4    Int:  8    God:    Okawaru [*****.]
Gold: 24            SH:  9    Dex: 10    Spells: 9/9 levels left

rFire    . . .     SeeInvis .   a - +0 war axe
rCold    . . .     Gourm    .   c - +0 shield
rNeg     . . .     Faith    +   M - +0 plate armour
rPois    +         Spirit   .   A - +0 helmet
rElec    .         Reflect  .   g - scarf {cloud immunity}
rCorr    .         Harm     .   t - +1 pair of gloves
MR       .....                  (no boots)
Stlth    ..........             J - amulet of faith
Regen    0.3/turn               L - ring of poison resistance
MPRegen  0.2/turn               (no ring)

@: no status effects
A: no striking features
a: Heroism, Finesse, Renounce Religion


You were on level 8 of the Dungeon.
You worshipped Okawaru.
Okawaru was extremely pleased with you.
You were not hungry.

You visited 1 branch of the dungeon, and saw 8 of its levels.
You also visited: Sewer.

You collected 340 gold pieces.
You spent 316 gold pieces at shops.

Inventory:

Hand Weapons
 a - a +0 war axe (weapon)
 K - a +2 whip of freezing
Armour
 c - a +0 shield (worn)
 g - a scarf of cloud immunity (worn)
 t - a +1 pair of gloves (worn)
 A - a +0 helmet (worn)
 M - a +0 plate armour (worn)
Jewellery
 J - an amulet of faith (around neck)
 L - a ring of poison resistance (left hand)
Wands
 x - a wand of acid (2/15)
 z - a wand of lightning (9/15)
Scrolls
 e - 6 scrolls of teleportation
 j - a scroll of enchant armour
 m - 5 scrolls of remove curse
 n - 3 scrolls of magic mapping
 o - 3 scrolls of blinking
 y - a scroll of fog
 B - 2 scrolls of amnesia
 D - 2 scrolls of recharging
 G - a scroll of fear {unknown}
 I - a scroll of immolation {unknown}
 O - a scroll of silence {unknown}
Potions
 d - 5 potions of might
 i - 3 potions of agility
 k - 2 potions of resistance {unknown}
 l - 2 potions of brilliance {unknown}
 r - 2 potions of curing
 u - 2 potions of heal wounds {unknown}
 w - a potion of lignification {unknown}
 C - a potion of flight {unknown}
 E - 3 potions of magic {unknown}
 F - 2 potions of haste {unknown}
 N - a potion of mutation {unknown}
Books
 v - a book of Misfortune

   Spells                             Type                      Level
   a - Confusing Touch                Hexes                        1
   b - Confuse                        Hexes                        3
   c - Gell's Gravitas                Translocation                3
   d - Petrify                        Transmutation/Earth          4
   e - Metabolic Englaciation         Hexes/Ice                    5
   f - Yara's Violent Unravelling     Hexes/Transmutation          5
 P - a book of Minor Magic

   Spells                             Type                      Level
   a - Magic Dart                     Conjuration                  1
   b - Blink                          Translocation                2
   c - Call Imp                       Summoning                    2
   d - Slow                           Hexes                        2
   e - Conjure Flame                  Conjuration/Fire             3
   f - Mephitic Cloud                 Conjuration/Poison/Air       3
Comestibles
 b - 3 chunks of flesh
 f - 4 bread rations
 p - 3 royal jellies
 q - 3 meat rations
 H - a fruit


   Skills:
 + Level 3.9 Fighting
 * Level 15.1 Axes
 - Level 3.2 Armour
 - Level 3.2 Shields
 - Level 10.3 Invocations


You had 9 spell levels left.
You didn't know any spells.

Dungeon Overview and Level Annotations

Branches:
Dungeon (8/15)             Temple (0/1) D:5
   Lair: D:8-11

Altars:
Ashenzari
Cheibriados
Dithmenos
Fedhas
Gozag
Makhleb
Okawaru
Uskayaw
Vehumet
Xom
Yredelemnul

Shops:
D:5 =   D:7 ?

Annotations:
D:5 exclusion: statue


Message History

The orc warrior is almost dead.
The orc warrior barely misses you.
You barely miss the orc warrior.
The orc warrior is almost dead.
The orc warrior hits you with a glaive.
You hit the orc warrior.
The orc warrior is almost dead.
You hit the orc warrior.
The orc warrior is almost dead.
You block the orc warrior's attack.
You hit the orc warrior but do no damage.
The orc warrior is almost dead.
The orc warrior hits you with a glaive!
* * * LOW HITPOINT WARNING * * *
You hit the orc warrior.
The orc warrior is almost dead.
You closely miss the orc warrior.
The orc warrior is almost dead.
The orc warrior hits you with a glaive!!
You die...

··▒·······▒··· ···▒▒▒▒
········▒▒··▒ ▒········
········▒▒·▒ ▒········
▒▒····▒····▒▒ ▒········
▒··········▒ ▒········
▒▒▒▒·······▒ ▒········
··········▒▒▒▒)·······
▒··············)·······
····▒▒··········@o······
··▒· ▒······▒·▒▒········
··· ··········▒▒··▒▒▒▒▒▒
········▒·▒▒▒·▒
▒·········▒ ·$
·▒········· ▒·▒
▒····▒···· ·· ▒▒▒


You could see an orc warrior.

Vanquished Creatures
  Pikel (D:6)
  Eustachio (D:5)
  2 water moccasins (D:7)
  Duvessa (D:7)
  An ice beast (D:7)
  2 orc warriors
  A phantom (D:7)
  2 slaves (D:6)
  A necrophage (D:6)
  A hornet zombie (D:8)
  5 ogres
  2 centaurs
  2 big kobolds
  3 bullfrogs
  A wyvern zombie (D:8)
  A scorpion (D:7)
  3 wights (D:7)
  4 howler monkeys
  2 bullfrog zombies
  2 crimson imps
  3 centaur skeletons
  4 hounds
  4 jellies
  A gnoll shaman (D:7)
  4 orc priests
  A bullfrog skeleton (D:5)
  Natasha (thrice) (D:4 D:3)
  3 orc wizards
  8 worker ants
  A killer bee zombie (D:7)
  A worker ant zombie (D:7)
  8 gnolls
  A howler monkey skeleton (D:7)
  16 adders
  12 river rats
  An ooze (D:4)
  An adder skeleton (D:6)
  2 worms (D:5)
  10 dart slugs
  6 leopard geckos
  21 orcs
  11 ball pythons
  4 giant cockroaches
  5 goblins
  8 hobgoblins
  7 jackals
  2 quokkas
  11 bats
  13 frilled lizards
  17 kobolds
  A leopard gecko skeleton (D:4)
  27 rats
255 creatures vanquished.

Vanquished Creatures (others)
  2 slaves (D:7)
  Dowan (D:7)
  A jackal (D:7)
  A jackal skeleton (D:7)
5 creatures vanquished.

Grand Total: 260 creatures vanquished

Notes
Turn   | Place    | Note
-------+----------+-------------------------------------------
     0 | D:1      | danebombitumenja the Hill Orc Fighter began the quest for the Orb.
     0 | D:1      | Reached XP level 1. HP: 19/19 MP: 1/1
    15 | D:1      | Reached skill level 3 in Axes
   295 | D:1      | Reached XP level 2. HP: 23/26 MP: 2/2
   372 | D:1      | Reached skill level 4 in Axes
   719 | D:1      | Reached XP level 3. HP: 30/31 MP: 3/3
   957 | D:1      | Reached skill level 5 in Axes
  1053 | D:2      | You fall through a shaft!
  1130 | D:2      | Found an iron altar of Okawaru.
  1130 | D:2      | Found a hide-covered altar of Uskayaw.
  1135 | D:2      | Became a worshipper of Warmaster Okawaru
  1169 | D:2      | Found a shadowy altar of Dithmenos.
  1380 | D:2      | Reached XP level 4. HP: 32/39 MP: 4/4
  1917 | D:3      | Reached skill level 1 in Invocations
  1941 | D:3      | Found a snail-covered altar of Cheibriados.
  1983 | D:3      | Found a blossoming altar of Fedhas.
  2016 | D:3      | Found an opulent altar of Gozag.
  2168 | D:4      | Noticed Natasha
  2173 | D:4      | Killed Natasha
  2173 | D:4      | Reached skill level 6 in Axes
  2173 | D:4      | Reached XP level 5. HP: 34/45 MP: 6/6
  2185 | D:4      | Noticed an ogre
  2398 | D:4      | Noticed an ogre
  2410 | D:4      | Killed an ogre
  2410 | D:4      | Reached * piety under Okawaru
  2410 | D:4      | Reached skill level 7 in Axes
  2410 | D:4      | Reached XP level 6. HP: 30/51 MP: 6/8
  2578 | D:4      | Noticed Natasha
  2590 | D:4      | Reached skill level 8 in Axes
  2593 | D:3      | Killed Natasha
  2683 | D:3      | Noticed Natasha
  2687 | D:3      | Killed Natasha
  2997 | D:4      | Found a transporter.
  3021 | D:4      | Found a transporter.
  3295 | D:4      | Reached XP level 7. HP: 54/57 MP: 10/10
  3302 | D:4      | Found a burning altar of Makhleb.
  3380 | D:5      | Entered Level 5 of the Dungeon
  3447 | D:5      | Noticed Eustachio
  3469 | D:5      | Killed Eustachio
  3469 | D:5      | Reached skill level 9 in Axes
  3469 | D:5      | Reached skill level 5 in Invocations
  3494 | D:5      | Found a staircase to the Ecumenical Temple.
  3501 | D:5      | Found Toduil's Jewellery Boutique.
  3520 | D:5      | Bought a cursed amulet of inaccuracy for 24 gold pieces
  3744 | D:5      | Found a radiant altar of Vehumet.
  3755 | D:5      | Found a shimmering altar of Xom.
  3976 | D:5      | Found a glowing drain.
  3981 | Sewer    | Entered a sewer
  4130 | Sewer    | Reached skill level 10 in Axes
  4130 | Sewer    | Reached XP level 8. HP: 64/64 MP: 12/12
  4493 | Sewer    | Reached ** piety under Okawaru
  4863 | D:5      | Reached skill level 11 in Axes
  5422 | D:6      | Reached skill level 12 in Axes
  5662 | D:6      | Reached XP level 9. HP: 61/70 MP: 14/14
  5784 | D:6      | Reached *** piety under Okawaru
  5959 | D:7      | Noticed Pikel
  6003 | D:6      | Killed Pikel
  6003 | D:6      | Reached **** piety under Okawaru
  6003 | D:6      | Reached skill level 13 in Axes
  6322 | D:5      | Bought an uncursed ring of poison resistance for 240 gold pieces
  6663 | D:7      | Killed Dowan
  6696 | D:7      | Found a shattered altar of Ashenzari.
  6710 | D:7      | Reached skill level 14 in Axes
  6978 | D:7      | Noticed Duvessa
  6987 | D:7      | Killed Duvessa
  7324 | D:7      | Found Yruceff's Magic Scroll Shoppe.
  7330 | D:7      | Bought a scroll of identify for 26 gold pieces
  7330 | D:7      | Bought a scroll of identify for 26 gold pieces
  7470 | D:7      | Reached XP level 10. HP: 66/76 MP: 17/17
  7660 | D:8      | Reached skill level 10 in Invocations
  7664 | D:8      | Reached ***** piety under Okawaru
  8040 | D:8      | Reached skill level 15 in Axes
  8357 | D:8      | Found a basalt altar of Yredelemnul.
  8389 | D:8      | Slain by an orc warrior

Skill      XL: |  1  2  3  4  5  6  7  8  9 10 |
---------------+-------------------------------+-----
Axes           | 3 4 5 6 7 8 10 12 14 15 | 15.1
Invocations    | 2 3 4 5 7 9 10 | 10.3
Fighting       | |  3.9
Armour         | |  3.2
Shields        | |  3.2

Action                   |  1- 3 |  4- 6 |  7- 9 | 10-12 || total
-------------------------+-------+-------+-------+-------++-------
Melee: War axe           |   140 |   107 |   499 |   134 ||   880
Invok: Heroism           |       |       |     1 |       ||     1
Evoke: Wand              |       |       |     2 |       ||     2
  Use: Potion            |       |       |     2 |       ||     2
       Scroll            |       |       |    10 |     1 ||    11
  Eat: Chunk             |     2 |     6 |    14 |     3 ||    25
Armor: Scale mail        |    54 |    54 |   253 |    32 ||   393
       Plate armour      |       |       |       |    10 ||    10
Dodge: Dodged            |    33 |    31 |   157 |    29 ||   250
Block: Shield            |    59 |    43 |   267 |    59 ||   428
